[Event "Titled Tuesday Blitz January 18 2022"]
[White "Pakleza, Zbigniew"]
[Black "Ambartsumova, Karina"]
[WhiteFideId "1119290"]
[BlackFideId "4166299"]
[WhiteElo "2467"]
[BlackElo "2262"]
[Result "1-0"]
[Round "07"]
[TimeControl "180+1"]
[Date "2022.01.18"]
[WhiteClock "0:00:26"]
[BlackClock "0:00:03"]

1. d4 Nf6 2. Nf3 g6 3. Bf4 Bg7 4. e3 O-O 5. Be2 d6 6. h3 Nc6 7. O-O Nd7 8. Bh2 e5 9. c3 Qe7 10. b4 a6 11. Nbd2 f5 12. Rc1 e4 13. Ne1 g5 14. Qb3+ Kh8 15. Nc2 Nf6 16. c4 g4 17. hxg4 fxg4 18. b5 Nd8 19. a4 Nf7 20. Bf4 h5 21. g3 Nh7 22. Kg2 Nhg5 23. Rh1 Nh3 24. Qb4 a5 25. Qa3 Nfg5 26. b6 Nf3 27. Rcd1 Rf6 28. bxc7 Bf5 29. Nb1 Qxc7 30. Nc3 Re8 31. Nd5 Qf7 32. Nxf6 Qxf6 33. Qxd6 Qf7 34. Rb1 h4 35. Qd5 Be6 36. Qxb7 Qg6 37. Rb6 Nxf4+ 38. exf4 h3+ 39. Kf1 1-0


[Site "https://www.chess.com"]

[Event "Titled Tuesday Blitz January 18 2022"]
[White "Papasimakopoulos, Alexandros"]
[Black "Novikov, Evgenij"]
[WhiteFideId "4244125"]
[BlackFideId "4125380"]
[WhiteElo "2340"]
[BlackElo "2242"]
[Result "1-0"]
[Round "07"]
[TimeControl "180+1"]
[Date "2022.01.18"]
[WhiteClock "0:00:14"]
[BlackClock "0:00:02"]

1. d4 d5 2. c4 e6 3. Nc3 Nf6 4. cxd5 exd5 5. Bg5 c6 6. e3 Qb6 7. Qd2 Ne4 8. Nxe4 dxe4 9. Ne2 Bf5 10. Nc3 Bd6 11. Bc4 Qc7 12. O-O-O b5 13. Be2 b4 14. Na4 h6 15. Bh4 O-O 16. Bg3 Bxg3 17. hxg3 Nd7 18. Kb1 Rfd8 19. Qc2 Nb6 20. Rh5 g6 21. Rxh6 Nxa4 22. Qxa4 c5 23. Rc1 Qe7 24. Rxc5 Rab8 25. Rh1 b3 26. a3 Be6 27. Rhc1 Qf6 28. Rf1 Rbc8 29. Rxc8 Rxc8 30. Bd1 Rb8 31. Qxa7 Qd8 32. Rh1 Kg7 33. Qc5 f6 34. Qa7+ Bf7 35. Be2 Rc8 36. Bd1 Rb8 37. g4 Qd6 38. g5 fxg5 39. Qc5 Qf6 40. Qe5 Qxe5 41. dxe5 Rb5 42. Be2 Rxe5 43. Rd1 Rf5 44. f3 exf3 45. gxf3 Re5 46. e4 g4 47. Rg1 gxf3 48. Bxf3 Bc4 49. Kc1 Kf6 50. Kd2 g5 51. Kc3 Be6 52. Kd4 Ra5 53. Be2 Ra4+ 54. Ke3 Kg6 55. Bd3 Kf6 56. Be2 Kg6 57. Bg4 Bxg4 58. Rxg4 Rc4 59. Rg2 Kf6 60. Rf2+ Kg6 61. e5 Rc5 62. Rf6+ Kg7 63. Rb6 Rxe5+ 64. Kf3 1-0


[Site "https://www.chess.com"]

[Event "Titled Tuesday Blitz January 18 2022"]
[White "Perez Gormaz, Matias"]
[Black "Tsyhanchuk, Stanislav"]
[WhiteFideId "3406342"]
[BlackFideId "13505130"]
[WhiteElo "2352"]
[BlackElo "2078"]
[Result "1-0"]
[Round "07"]
[TimeControl "180+1"]
[Date "2022.01.18"]
[WhiteClock "0:00:24"]
[BlackClock "0:00:08"]

1. e4 c5 2. Nf3 Nc6 3. Bb5 d6 4. O-O Bd7 5. Re1 Nf6 6. c3 a6 7. Bf1 Bg4 8. d4 Bxf3 9. gxf3 g5 10. Kh1 Rg8 11. Be3 e6 12. Bg2 Nh5 13. Qd2 Qf6 14. Na3 Nf4 15. Nc4 Nxg2 16. Kxg2 g4 17. f4 d5 18. exd5 exd5 19. dxc5 O-O-O 20. Nb6+ Kb8 21. Nxd5 Qh6 22. f5 Qh3+ 23. Kg1 Qf3 24. Rad1 h5 25. c4 h4 26. Bf4+ Ka7 27. Qe3 1-0


[Site "https://www.chess.com"]

[Event "Titled Tuesday Blitz January 18 2022"]
[White "Perez Ponsa, Federico"]
[Black "Kadam, Om Manish"]
[WhiteFideId "117927"]
[BlackFideId "45076294"]
[WhiteElo "2901"]
[BlackElo "2574"]
[Result "0-1"]
[Round "07"]
[TimeControl "180+1"]
[Date "2022.01.18"]
[WhiteClock "0:00:02"]
[BlackClock "0:00:31"]

1. d4 Nf6 2. c4 g6 3. Nc3 d5 4. cxd5 Nxd5 5. e4 Nxc3 6. bxc3 Bg7 7. Nf3 c5 8. Bb5+ Nc6 9. d5 Qa5 10. Rb1 a6 11. Ba4 b5 12. dxc6 bxa4 13. O-O O-O 14. Be3 Rd8 15. Qc1 Be6 16. Rb7 Rdc8 17. c4 Rxc6 18. Rxe7 Qd8 19. Rb7 Qd3 20. Bh6 Qxc4 21. Qf4 Qc3 22. e5 Qc4 23. Qg5 Qg4 24. Qe3 Rd8 25. h3 Qf5 26. Bxg7 Kxg7 27. g4 Qd3 28. Qf4 Bd5 29. Ng5 Rf8 30. Re1 h6 31. Ne4 Bxe4 32. Rxe4 Qd5 33. Re3 Re6 34. Kh2 Qxb7 0-1


[Site "https://www.chess.com"]

[Event "Titled Tuesday Blitz January 18 2022"]
[White "Pires, Marcos Vinicius Torsani"]
[Black "Ivanisevic, Ivan"]
[WhiteFideId "2118939"]
[BlackFideId "912417"]
[WhiteElo "2273"]
[BlackElo "2495"]
[Result "0-1"]
[Round "07"]
[TimeControl "180+1"]
[Date "2022.01.18"]
[WhiteClock "0:00:01"]
[BlackClock "0:00:32"]

1. d4 Nf6 2. Bf4 c5 3. e3 Qb6 4. Nc3 cxd4 5. exd4 e6 6. a3 Nc6 7. Nf3 Be7 8. Be2 O-O 9. O-O d5 10. h3 Bd7 11. Na4 Qa5 12. Nc3 Rfc8 13. Bd3 Qd8 14. Ne2 Be8 15. c3 Ne4 16. Ne5 Na5 17. f3 Nd6 18. Bc1 b5 19. Ng3 Nac4 20. f4 f5 21. Nxc4 bxc4 22. Bc2 Rab8 23. Re1 Ne4 24. Bxe4 dxe4 25. Nf1 Bh4 26. g3 Bf6 27. Ne3 Rb5 28. Kh2 Qd6 29. Qe2 Qc7 30. Rd1 Bf7 31. Kg2 Qc6 32. Kh2 h6 33. Rd2 g5 34. Ng2 Kh7 35. Qe3 Rg8 36. Rf2 Bg6 37. Rc2 Be7 38. Bd2 Rbb8 0-1


[Site "https://www.chess.com"]

[Event "Titled Tuesday Blitz January 18 2022"]
[White "Plotkin, Mark"]
[Black "Sviridov, Valery"]
[WhiteFideId "2611651"]
[BlackFideId "4120680"]
[WhiteElo "2828"]
[BlackElo "2952"]
[Result "1/2-1/2"]
[Round "07"]
[TimeControl "180+1"]
[Date "2022.01.18"]
[WhiteClock "0:00:24"]
[BlackClock "0:00:51"]

1. c4 e5 2. Nc3 Nf6 3. Nf3 Nc6 4. e3 e4 5. Ng5 Nb4 6. Ngxe4 Nxe4 7. Nxe4 d5 8. cxd5 Bf5 9. d3 Qxd5 10. a3 Rd8 11. axb4 Bxe4 12. Qa4+ b5 13. dxe4 Bxb4+ 14. Ke2 Qc5 15. Qb3 O-O 16. f3 a5 17. Kf2 a4 18. Qa2 Bd2 19. Bxd2 Rxd2+ 20. Be2 Qc2 21. Rhe1 c6 22. Kf1 Qxb2 23. Qxb2 Rxb2 24. Reb1 Rxb1+ 25. Rxb1 Rb8 26. Bd1 Rd8 27. Ke2 f6 28. Rc1 Rd6 29. f4 Kf8 30. Bc2 Ke7 31. e5 fxe5 32. fxe5 Rd5 33. Bxh7 c5 34. Bd3 c4 35. Bxc4 bxc4 36. Rxc4 Ra5 37. Rc2 a3 38. Ra2 Ke6 39. Kf3 Kxe5 40. h4 Kd5 41. g4 Kc4 42. Kf4 Kb3 43. Ra1 Kb2 44. Rg1 a2 45. h5 a1=Q 46. Rxa1 Rxa1 47. Kf5 Ra6 48. e4 Kc3 49. e5 Kd4 50. e6 Kd5 51. e7 Re6 52. g5 Re5+ 53. Kg6 Rxe7 54. h6 gxh6 55. gxh6 Re6+ 56. Kg7 Re1 57. h7 Rg1+ 58. Kh6 Rh1+ 59. Kg7 Rxh7+ 60. Kxh7 1/2-1/2


[Site "https://www.chess.com"]

[Event "Titled Tuesday Blitz January 18 2022"]
[White "Prohorov, Olexandr"]
[Black "Kukhmazov, Arsen"]
[WhiteFideId "14105578"]
[BlackFideId "24108260"]
[WhiteElo "1993"]
[BlackElo "2487"]
[Result "0-1"]
[Round "07"]
[TimeControl "180+1"]
[Date "2022.01.18"]
[WhiteClock "0:00:22"]
[BlackClock "0:00:06"]

1. Nf3 d5 2. d4 Nf6 3. c4 c6 4. Nc3 dxc4 5. a4 Bf5 6. Nh4 e6 7. Nxf5 exf5 8. e3 Bb4 9. Bxc4 O-O 10. O-O Nbd7 11. Bd3 g6 12. Qc2 a5 13. Na2 Bd6 14. b3 Qe7 15. Bb2 Rae8 16. Rae1 Nb6 17. Bc3 Ra8 18. f3 Nbd5 19. Bd2 Qc7 20. g3 Bxg3 21. hxg3 Qxg3+ 22. Kh1 Qh3+ 23. Kg1 Nh5 24. Rf2 Rae8 25. Bf1 Qg3+ 26. Bg2 f4 27. e4 Ne3 28. Bxe3 fxe3 29. Rxe3 Nf4 30. Kf1 Rd8 31. Qc4 Rd7 32. Nc3 Rfd8 33. d5 cxd5 34. Nxd5 Nxd5 35. exd5 Rxd5 36. Re8+ Rxe8 37. Qxd5 Rc8 38. Qd2 h5 39. Re2 h4 40. Qe1 Qg5 41. Re8+ Rxe8 42. Qxe8+ Kg7 43. Qd7 Qc1+ 44. Kf2 Qb2+ 45. Kg1 Qxb3 46. Kh2 Qb4 47. Qc7 Qxa4 48. Qxb7 Qf4+ 49. Kg1 a4 50. Qb2+ Kh7 51. Qa1 Qg3 52. Kh1 h3 53. Bxh3 Qxh3+ 54. Kg1 Qg3+ 55. Kh1 Qxf3+ 56. Kg1 a3 57. Kh2 Qf4+ 58. Kg2 Qe4+ 59. Kg3 Qd3+ 60. Kg2 Qc2+ 61. Kg3 Qb2 62. Qh1+ Kg7 63. Qd5 a2 0-1


[Site "https://www.chess.com"]

[Event "Titled Tuesday Blitz January 18 2022"]
[White "Przybylski, Wojciech"]
[Black "Kosakowski, Jakub"]
[WhiteFideId "1117599"]
[BlackFideId "1185080"]
[WhiteElo "2539"]
[BlackElo "2758"]
[Result "0-1"]
[Round "07"]
[TimeControl "180+1"]
[Date "2022.01.18"]
[WhiteClock "0:00:03"]
[BlackClock "0:00:10"]

1. e4 c6 2. d4 d5 3. e5 c5 4. c4 cxd4 5. Nf3 e6 6. cxd5 Qxd5 7. Qxd4 Qxd4 8. Nxd4 a6 9. Be3 Bd7 10. Nd2 Nc6 11. Nxc6 Bxc6 12. a3 Ne7 13. Nb3 Nf5 14. Bb6 Be7 15. Rg1 O-O 16. Bd3 Nh4 17. f3 Ng6 18. Bxg6 hxg6 19. Kf2 Bd5 20. Nd4 f6 21. Rge1 Kf7 22. Rac1 Rac8 23. f4 Rh8 24. h3 fxe5 25. fxe5 Bh4+ 26. g3 Bg5 27. Rxc8 Rxc8 28. h4 Be7 29. Ke3 g5 30. h5 g6 31. Rf1+ Kg7 32. h6+ Kxh6 33. Rf7 Bc5 34. Bxc5 Rxc5 35. g4 Rc1 36. Kd2 Rg1 37. Re7 Rg2+ 38. Kc3 Rg3+ 39. Kd2 Rxg4 40. Nxe6 Re4 41. Nc5 Rd4+ 42. Ke3 Rc4 43. Nd3 g4 44. e6 Re4+ 45. Kf2 Rxe6 46. Rd7 Bc6 47. Nf4 Bxd7 0-1


[Site "https://www.chess.com"]

[Event "Titled Tuesday Blitz January 18 2022"]
[White "Rustemov, Alexander"]
[Black "Ozer, Omer Faruk"]
[WhiteFideId "4119002"]
[BlackFideId "6354564"]
[WhiteElo "2876"]
[BlackElo "2050"]
[Result "1-0"]
[Round "07"]
[TimeControl "180+1"]
[Date "2022.01.18"]
[WhiteClock "0:00:09"]
[BlackClock "0:00:02"]

1. d4 Nf6 2. c4 e6 3. Nf3 Bb4+ 4. Bd2 c5 5. Bxb4 cxb4 6. g3 O-O 7. Bg2 d6 8. O-O a5 9. a3 Na6 10. Qd3 Qe7 11. Nbd2 e5 12. e4 Bg4 13. Rfe1 Rfd8 14. h3 Bh5 15. Nh4 Bg6 16. f4 exf4 17. gxf4 Nh5 18. Nxg6 hxg6 19. Qe3 Re8 20. e5 Rad8 21. Ne4 Qh4 22. Rf1 f5 23. Ng5 dxe5 24. dxe5 bxa3 25. Rxa3 Nb4 26. Rxa5 Rd3 27. Qf2 Rg3 28. Ra3 Rd8 29. Rxg3 Nxg3 30. e6 Nd3 31. e7 Re8 32. Qe3 Nxf1 33. Qxd3 Qxf4 34. Qd5+ Kh8 35. Qf7 Qe3+ 36. Kxf1 Qxe7 37. Qxe7 Rxe7 38. Kf2 Rc7 39. Bd5 b5 40. b3 bxc4 41. bxc4 Ra7 42. h4 Ra3 43. Nf3 Kh7 44. Kg3 Kh6 45. Kf4 Ra1 46. Ke5 Kh5 47. c5 Kg4 48. c6 Rc1 49. Kd6 f4 50. c7 g5 51. hxg5 1-0


[Site "https://www.chess.com"]

[Event "Titled Tuesday Blitz January 18 2022"]
[White "Sadhwani, Raunak"]
[Black "Oparin, Grigoriy"]
[WhiteFideId "35093487"]
[BlackFideId "24125890"]
[WhiteElo "3014"]
[BlackElo "2954"]
[Result "0-1"]
[Round "07"]
[TimeControl "180+1"]
[Date "2022.01.18"]
[WhiteClock "0:00:10"]
[BlackClock "0:00:56"]

1. e4 c5 2. Nf3 d6 3. Bb5+ Bd7 4. Bxd7+ Nxd7 5. O-O Ngf6 6. Qe2 e6 7. b3 Be7 8. Bb2 O-O 9. d3 d5 10. Nbd2 b5 11. a4 a6 12. exd5 Nxd5 13. Rfe1 Bf6 14. Bxf6 Qxf6 15. Ne4 Qe7 16. Qd2 h6 17. Qa5 b4 18. d4 Rfc8 19. c4 bxc3 20. Nxc3 Nb4 21. d5 Nc2 22. dxe6 fxe6 23. Rad1 Nxe1 24. Rxe1 Nf6 25. Nd2 Qd8 26. Nc4 Qxa5 27. Nxa5 Rd8 28. g3 Rd3 29. Ne2 Nd5 30. Rc1 Rc8 31. Rc2 Nb4 32. Rc4 Rd2 33. Re4 Nc6 34. Nc4 Rd1+ 35. Kg2 Nd4 36. Nxd4 cxd4 37. Rxe6 Rd8 38. Kf3 d3 39. Rd6 Rxd6 40. Nxd6 Rb1 41. Ke3 Rxb3 42. Ne4 Ra3 43. Nc5 a5 44. f4 Kf7 45. g4 g5 46. f5 Kf6 47. Nd7+ Ke7 48. Nc5 Kd6 49. Ne4+ Ke5 50. Nc5 Kd5 51. Ne4 d2+ 0-1


[Site "https://www.chess.com"]

[Event "Titled Tuesday Blitz January 18 2022"]
[White "Sadovsky, Artem"]
[Black "Halkias, Stelios"]
[WhiteFideId "4155840"]
[BlackFideId "4201809"]
[WhiteElo "2369"]
[BlackElo "2453"]
[Result "0-1"]
[Round "07"]
[TimeControl "180+1"]
[Date "2022.01.18"]
[WhiteClock "0:01:03"]
[BlackClock "0:00:41"]

1. Nf3 Nf6 2. e3 g6 3. b3 Bg7 4. Bb2 d6 5. c4 O-O 6. d4 e5 7. dxe5 Ng4 8. Nc3 Nxe5 9. Nxe5 Bxe5 10. h4 Nc6 11. h5 Re8 12. hxg6 hxg6 13. Qd2 Bf5 14. Bd3 Bxd3 15. Qxd3 Nb4 16. Qd2 a5 17. a3 Na6 18. Nd5 c6 19. Nf4 Nc5 20. Qc2 Qf6 21. O-O-O Rab8 22. Rh6 b5 23. Rxd6 Qxd6 24. Nxg6 Nd3+ 25. Kb1 fxg6 26. Bxe5 Rxe5 27. c5 Rxc5 28. Rxg6+ Qxg6 29. Qxc5 Nxc5+ 30. Ka2 0-1


[Site "https://www.chess.com"]

[Event "Titled Tuesday Blitz January 18 2022"]
[White "Salimova, Nurgyul"]
[Black "Svane, Frederik"]
[WhiteFideId "2915138"]
[BlackFideId "12923044"]
[WhiteElo "2185"]
[BlackElo "2459"]
[Result "0-1"]
[Round "07"]
[TimeControl "180+1"]
[Date "2022.01.18"]
[WhiteClock "0:00:05"]
[BlackClock "0:00:07"]

1. d4 Nf6 2. Nc3 d5 3. Bf4 g6 4. e3 Bg7 5. h4 c6 6. Bd3 h5 7. Nh3 Qb6 8. Qd2 Qxb2 9. Rb1 Qa3 10. Ng5 Qa5 11. O-O O-O 12. Be5 Nbd7 13. f4 e6 14. Rf2 Re8 15. Nxd5 Qxd2 16. Nxf6+ Bxf6 17. Rxd2 Be7 18. Nf3 b6 19. g4 hxg4 20. Nh2 Bb7 21. Nxg4 f6 22. Bxg6 fxe5 23. Bxe8 Rxe8 24. fxe5 Rf8 25. Rg2 Kh7 26. Rf1 c5 27. Rg3 Rxf1+ 28. Kxf1 Be4 29. c3 b5 30. Nf2 Bg6 31. e4 a5 32. a3 b4 33. axb4 cxb4 34. cxb4 Bxb4 35. Ke2 a4 36. Kd3 a3 37. Rg1 Be7 38. Ra1 Kh6 39. Nd1 Kh5 40. Nc3 Kxh4 41. Nb5 Kg4 42. Rg1+ Kh5 43. Rh1+ Kg5 44. Rg1+ Kh6 45. Rh1+ Kg5 46. Rg1+ Kh6 47. Rh1+ Kg7 48. Ra1 Nf8 49. Nxa3 Nh7 50. Nc4 Ng5 51. Nd2 Bb4 52. Ra7+ Kh6 53. d5 exd5 54. Rb7 dxe4+ 55. Ke3 Bc5+ 56. Ke2 Bh5+ 57. Ke1 e3 58. Nc4 Nf3+ 59. Ke2 Nxe5+ 60. Ke1 Nd3+ 61. Kf1 e2+ 62. Kg2 e1=Q 0-1


[Site "https://www.chess.com"]

[Event "Titled Tuesday Blitz January 18 2022"]
[White "Samadov, Read"]
[Black "Piorun, Kacper"]
[WhiteFideId "13417444"]
[BlackFideId "1130420"]
[WhiteElo "2851"]
[BlackElo "2972"]
[Result "0-1"]
[Round "07"]
[TimeControl "180+1"]
[Date "2022.01.18"]
[WhiteClock "0:00:07"]
[BlackClock "0:00:03"]

1. d4 d5 2. c4 dxc4 3. e3 b5 4. a4 b4 5. Bxc4 Nf6 6. Nf3 e6 7. O-O Be7 8. a5 O-O 9. Nbd2 a6 10. Qe2 Bb7 11. b3 c5 12. dxc5 Bxc5 13. Bb2 Nbd7 14. Rfd1 Qe7 15. Rac1 Rfc8 16. Bd3 Nd5 17. Nc4 N7f6 18. Nfe5 Qe8 19. Ng4 Qe7 20. Bb1 Nxg4 21. Qxg4 f5 22. Qg3 Rd8 23. h4 Nc3 24. Bxc3 bxc3 25. Bd3 Bb4 26. h5 Rac8 27. h6 g6 28. Bc2 Rxd1+ 29. Rxd1 Rd8 30. Rxd8+ Qxd8 31. Qe5 Qd7 32. Qb8+ Bf8 33. Ne5 Qd5 34. f3 Qc5 35. Qxb7 Qxe3+ 36. Kf1 Qxe5 37. Qxa6 Bxh6 38. Qc8+ Kg7 39. Qd7+ Kg8 40. Qd8+ Bf8 41. a6 Qe3 42. Qd7 Qc1+ 43. Qd1 Qa3 44. Qd7 Qxa6+ 45. Kf2 Qb6+ 46. Kg3 Qb8+ 47. Kh3 Qe5 48. b4 h5 49. Bb3 Kh8 50. Bxe6 c2 51. Qf7 Qg7 52. Qe8 c1=Q 53. Bd5 Qh1+ 54. Kg3 h4+ 55. Kf2 Qd4+ 56. Ke2 Qxg2+ 0-1


[Site "https://www.chess.com"]

[Event "Titled Tuesday Blitz January 18 2022"]
[White "Samunenkov, Ihor"]
[Black "Kepeshchuk, Mykhaylo"]
[WhiteFideId "14187086"]
[BlackFideId "14113139"]
[WhiteElo "2406"]
[BlackElo "2279"]
[Result "1-0"]
[Round "07"]
[TimeControl "180+1"]
[Date "2022.01.18"]
[WhiteClock "0:00:23"]
[BlackClock "0:00:02"]

1. e4 c5 2. Nf3 d6 3. d4 cxd4 4. Nxd4 Nf6 5. Nc3 g6 6. Be3 Bg7 7. f3 O-O 8. Bc4 Nc6 9. Qd2 Nxd4 10. Bxd4 Be6 11. Bb3 Qa5 12. O-O-O Rac8 13. Kb1 Rc7 14. Nd5 Qxd2 15. Rxd2 Bxd5 16. exd5 a6 17. Re1 Re8 18. Bb6 Rcc8 19. Ba4 Kf8 20. Bxe8 Rxe8 21. c4 Nd7 22. Bd4 Bh6 23. Rc2 Bg5 24. b4 b6 25. Kb2 h5 26. Kb3 Rc8 27. Be3 Bf6 28. Bf2 Rb8 29. Ree2 Ke8 30. f4 Kf8 31. Be1 a5 32. a3 Ra8 33. Bc3 Ke8 34. Re3 Kd8 35. Rce2 Ra7 36. Bxf6 Nxf6 37. Rc3 Kd7 38. g3 Kd8 39. h3 Kd7 40. Rce3 Kd8 41. Rg2 Kd7 42. g4 Kd8 43. g5 Nd7 44. Rf2 Ke8 45. h4 Kf8 46. f5 Ne5 47. Rxe5 dxe5 48. fxg6 f6 49. gxf6 exf6 50. Rxf6+ Kg7 51. Rxb6 1-0


[Site "https://www.chess.com"]

[Event "Titled Tuesday Blitz January 18 2022"]
[White "Sarana, Alexey"]
[Black "Sanal, Vahap"]
[WhiteFideId "24133795"]
[BlackFideId "6300545"]
[WhiteElo "3131"]
[BlackElo "2956"]
[Result "1-0"]
[Round "07"]
[TimeControl "180+1"]
[Date "2022.01.18"]
[WhiteClock "0:01:37"]
[BlackClock "0:00:24"]

1. d4 Nf6 2. c4 g6 3. Nc3 Bg7 4. e4 d6 5. Be2 O-O 6. Be3 Nc6 7. Nf3 Bg4 8. d5 Bxf3 9. gxf3 Nb8 10. h4 e5 11. dxe6 fxe6 12. f4 h5 13. Rg1 Qe8 14. Qc2 Nc6 15. O-O-O Ne7 16. Rg3 Nd7 17. Rdg1 Rf7 18. Bd3 Nf8 19. f5 e5 20. fxg6 Rf6 21. Nd5 Nxd5 22. exd5 c6 23. Be4 Rc8 24. Rg5 Bh6 25. Rxh5 Bxe3+ 26. fxe3 Kg7 27. Qg2 cxd5 28. Rh7+ Kg8 29. Bxd5+ Ne6 30. Qg5 Qf8 31. Rh8+ Kxh8 32. Qh5+ 1-0


[Site "https://www.chess.com"]

[Event "Titled Tuesday Blitz January 18 2022"]
[White "Sargsyan, Anna M."]
[Black "Ivanov, Oleg"]
[WhiteFideId "13308130"]
[BlackFideId "4103114"]
[WhiteElo "2271"]
[BlackElo "2826"]
[Result "0-1"]
[Round "07"]
[TimeControl "180+1"]
[Date "2022.01.18"]
[WhiteClock "0:00:02"]
[BlackClock "0:00:08"]

1. d4 d5 2. c4 e6 3. Nf3 Nf6 4. Nc3 c5 5. cxd5 Nxd5 6. e4 Nxc3 7. bxc3 cxd4 8. cxd4 Bb4+ 9. Bd2 Bxd2+ 10. Qxd2 O-O 11. Bc4 Nd7 12. O-O b6 13. Rfe1 Bb7 14. Rad1 Rc8 15. Bb3 Re8 16. h3 Nf6 17. Qf4 h6 18. Ne5 Qe7 19. d5 exd5 20. exd5 Qd6 21. Qf5 b5 22. a4 a6 23. axb5 axb5 24. f4 Rc7 25. Kh1 Rc3 26. Ba2 b4 27. Ng4 Rd8 28. Bb1 Kf8 29. Nxf6 Qxf6 30. Qh7 g6 31. Qxh6+ Kg8 32. f5 Rg3 33. fxg6 fxg6 34. Re6 Qxe6 35. Qh4 Qd6 36. Re1 Rf8 37. Be4 Rc3 38. Bf3 Rc7 39. Qd4 Re7 40. Rb1 Bc8 41. Qc4 Bf5 42. Rd1 Rc8 43. Qb5 Rec7 44. Qe2 Rc1 45. Qd2 Rxd1+ 46. Qxd1 Rd8 47. Qd4 Qe7 48. Qc4 Qd6 49. Kg1 Rc8 50. Qd4 Qc5 0-1


[Site "https://www.chess.com"]

[Event "Titled Tuesday Blitz January 18 2022"]
[White "Savchenko, Boris"]
[Black "Khumalo, Keith"]
[WhiteFideId "4147332"]
[BlackFideId "14319470"]
[WhiteElo "2875"]
[BlackElo "2611"]
[Result "1-0"]
[Round "07"]
[TimeControl "180+1"]
[Date "2022.01.18"]
[WhiteClock "0:01:46"]
[BlackClock "0:01:25"]

1. e4 c5 2. Nf3 e6 3. c3 Qa5 4. Na3 Nc6 5. d4 cxd4 6. Nc4 Qc7 7. Nxd4 d5 8. exd5 exd5 9. Nb5 Qe7+ 10. Ne3 a6 11. Qa4 Nf6 12. Be2 Rb8 13. Nd4 Bd7 14. O-O Qc5 15. Nb3 Qb6 16. Qf4 Be7 17. Bf3 Be6 18. Rd1 Rd8 19. Nf5 O-O 20. Be3 Qb5 21. Nbd4 Nxd4 22. Nxe7+ Kh8 23. Bxd4 Ne4 24. Qe5 Nf6 25. Qxf6 1-0


[Site "https://www.chess.com"]

[Event "Titled Tuesday Blitz January 18 2022"]
[White "Shipov, Sergei"]
[Black "Nazaretyan, Tigran"]
[WhiteFideId "4113624"]
[BlackFideId "24162345"]
[WhiteElo "2784"]
[BlackElo "2192"]
[Result "1-0"]
[Round "07"]
[TimeControl "180+1"]
[Date "2022.01.18"]
[WhiteClock "0:00:48"]
[BlackClock "0:00:18"]

1. d4 Nf6 2. c4 c5 3. d5 b5 4. cxb5 a6 5. e3 axb5 6. Bxb5 Qa5+ 7. Nc3 Bb7 8. Bd2 Qb6 9. a4 Nxd5 10. Nf3 e6 11. Nxd5 Bxd5 12. Bc3 Be7 13. O-O O-O 14. Nd2 Qb7 15. Qg4 g6 16. e4 Bc6 17. h4 Bxb5 18. axb5 Rxa1 19. Rxa1 Qxb5 20. h5 Nc6 21. e5 Nd4 22. Ne4 Qe2 23. f3 Qe3+ 24. Kh2 Nf5 25. Ra7 Rd8 26. Rc7 Kf8 27. Bd2 Qd4 28. Bc3 Qe3 29. Bd2 Qd4 30. Qf4 d6 31. exd6 Bxd6 32. Nxd6 Qxd6 33. Qxd6+ Rxd6 34. Bf4 Rd4 35. Be5 Rh4+ 36. Kg1 gxh5 37. Bf6 Ke8 38. Bxh4 Nxh4 39. Rxc5 Nf5 40. Rxf5 exf5 41. Kh2 Ke7 42. Kg3 Kf6 43. Kf4 Ke6 44. b4 h6 45. b5 h4 46. b6 h3 47. gxh3 Kd6 48. Kxf5 Kc6 49. Kf6 Kxb6 50. Kxf7 Kc5 51. Kg6 Kd4 52. f4 Ke4 53. f5 h5 54. f6 h4 55. Kg5 Kf3 56. Kxh4 Kf4 57. f7 Kf3 58. f8=Q+ Kg2 59. Qf4 1-0


[Site "https://www.chess.com"]

[Event "Titled Tuesday Blitz January 18 2022"]
[White "Sjoberg, Isak"]
[Black "Panesar Vedant"]
[WhiteFideId "1521640"]
[BlackFideId "35033018"]
[WhiteElo "2016"]
[BlackElo "1971"]
[Result "1-0"]
[Round "07"]
[TimeControl "180+1"]
[Date "2022.01.18"]
[WhiteClock "0:00:27"]
[BlackClock "0:00:11"]

1. e4 c6 2. d4 d5 3. Nc3 dxe4 4. Nxe4 Nf6 5. Nxf6+ exf6 6. c3 Bd6 7. Bd3 O-O 8. Qc2 Re8+ 9. Ne2 h5 10. O-O h4 11. Bf4 h3 12. g3 Na6 13. Rfe1 Bg4 14. Bh7+ Kf8 15. Bf5 Bxe2 16. Bxd6+ Qxd6 17. Rxe2 c5 18. dxc5 Nxc5 19. Rae1 Rxe2 20. Qxe2 g6 21. Bxh3 Rd8 22. Bg2 b6 23. h4 Nd3 24. Rf1 Ne5 25. h5 Qd2 26. Re1 gxh5 27. Be4 Kg7 28. Kg2 Qxe2 29. Rxe2 Rd1 30. b3 Ng6 31. Bxg6 Kxg6 32. Re7 a6 33. Rb7 Rd6 34. c4 a5 35. a3 Rc6 36. Kf3 a4 37. bxa4 Rxc4 38. Rxb6 Rxa4 39. Rb3 Kg5 40. Kg2 f5 41. Kh3 f4 42. Rb5+ f5 43. gxf4+ Kxf4 44. Rb4+ Rxb4 45. axb4 Ke5 46. Kh4 Kd4 47. Kxh5 Kc4 48. Kg5 Kxb4 49. Kxf5 Kc3 50. Ke6 Kd4 51. f4 Ke4 52. f5 1-0


[Site "https://www.chess.com"]

[Event "Titled Tuesday Blitz January 18 2022"]
[White "Srihari L R"]
[Black "Albornoz Cabrera, Carlos Daniel"]
[WhiteFideId "46617116"]
[BlackFideId "3518736"]
[WhiteElo "2738"]
[BlackElo "2862"]
[Result "0-1"]
[Round "07"]
[TimeControl "180+1"]
[Date "2022.01.18"]
[WhiteClock "0:00:14"]
[BlackClock "0:01:01"]

1. d4 d5 2. c4 c6 3. Nf3 Nf6 4. Qc2 g6 5. Bf4 Bf5 6. Qb3 Qb6 7. e3 Qxb3 8. axb3 Bxb1 9. Rxb1 e6 10. Bd3 Na6 11. h3 Nb4 12. Ke2 Nxd3 13. Kxd3 a6 14. Be5 Be7 15. Nd2 Rf8 16. Bxf6 Bxf6 17. f4 O-O-O 18. c5 g5 19. g3 gxf4 20. gxf4 Rg8 21. Rbg1 Rg6 22. Rg4 Rdg8 23. Rhg1 Kd7 24. Nf3 Ke7 25. Ke2 Rb8 26. Ra1 Rbg8 27. Rag1 Kd7 28. b4 Rb8 29. Ra1 Ke7 30. Kd3 Rbg8 31. Rag1 Rb8 32. Ra1 Kf8 33. Ke2 b6 34. Rxa6 bxc5 35. bxc5 Rxb2+ 36. Nd2 Rh6 37. Rg3 Bd8 38. Ra8 Ke7 39. Rg8 Rxh3 40. Ra7+ Kf6 41. Rxd8 Rh2+ 42. Kf3 Rbxd2 43. Rdd7 Rdf2+ 44. Kg3 Rhg2+ 45. Kh3 Rg7 46. Ra3 Kf5 47. Raa7 Ke4 48. Rxf7 Rxf7 49. Rxf7 Kxe3 50. Rc7 Kxd4 51. Rxc6 Rxf4 52. Rxe6 Kxc5 53. Kg3 Rf8 54. Re7 d4 55. Rxh7 d3 56. Rd7 Kc4 57. Kg4 Kc3 58. Rc7+ Kd2 59. Rd7 Kc2 60. Rc7+ Kd1 61. Ra7 d2 62. Rd7 Rc8 63. Kf3 Kc2 0-1


[Site "https://www.chess.com"]

[Event "Titled Tuesday Blitz January 18 2022"]
[White "Suder, Jakub"]
[Black "Seo, Jung Min"]
[WhiteFideId "1195310"]
[BlackFideId "1734687"]
[WhiteElo "2058"]
[BlackElo "2401"]
[Result "0-1"]
[Round "07"]
[TimeControl "180+1"]
[Date "2022.01.18"]
[WhiteClock "0:01:11"]
[BlackClock "0:00:29"]

1. d4 Nf6 2. c4 g6 3. Nc3 d5 4. cxd5 Nxd5 5. e4 Nxc3 6. bxc3 Bg7 7. Bc4 c5 8. Ne2 Nc6 9. Be3 O-O 10. h4 Na5 11. Bd3 e5 12. d5 c4 13. Bc2 f5 14. exf5 gxf5 15. f4 e4 16. h5 h6 17. g4 fxg4 18. Ng3 Bxc3+ 19. Kf2 Bxa1 20. Qxa1 Qf6 21. Qc1 Bf5 22. Rd1 b6 23. Bd4 Qf7 24. Be5 Rae8 25. Kg2 Bh7 26. Qe3 Rxe5 27. fxe5 Qf3+ 28. Qxf3 exf3+ 29. Kf2 Bxc2 30. Rd4 c3 31. d6 Nc6 32. Rxg4+ Kh7 33. e6 Bd3 34. e7 Re8 35. Ke3 c2 36. Kd2 Nxe7 37. dxe7 Rxe7 38. Rd4 Rc7 39. Kc1 Rc3 40. Rd7+ Kg8 41. Rxa7 f2 42. Ra8+ Kf7 43. Ra7+ Ke6 44. Ra8 Bh7 45. Rh8 Rxg3 0-1


[Site "https://www.chess.com"]

[Event "Titled Tuesday Blitz January 18 2022"]
[White "Swicarz, Maciej"]
[Black "Punin, Andrii"]
[WhiteFideId "1113585"]
[BlackFideId "14112639"]
[WhiteElo "2063"]
[BlackElo "2357"]
[Result "0-1"]
[Round "07"]
[TimeControl "180+1"]
[Date "2022.01.18"]
[WhiteClock "0:01:40"]
[BlackClock "0:01:17"]

1. c4 e5 2. Nc3 d6 3. e3 f5 4. g3 Nf6 5. Bg2 Be7 6. Nge2 c6 7. O-O O-O 8. Rb1 Kh8 9. b4 d5 10. cxd5 cxd5 11. d4 e4 12. Qb3 g5 13. b5 Be6 14. Ba3 Nbd7 15. Bxe7 Qxe7 16. Na4 Rac8 17. Rfc1 Qd6 18. Qb2 Kg8 19. Bh3 f4 20. Bxe6+ Qxe6 21. exf4 Qh3 22. Rxc8 Rxc8 23. Qb3 Ng4 24. Qxd5+ Kh8 0-1


[Site "https://www.chess.com"]